 Dungeon Crawl Stone Soup version 0.24.0-41-g2ae2f7f1be (webtiles) character file.

Game seed: 9182714305701457818, levelgen mode: deterministic

17 Gwanngwann the Grave Robber (level 2, -3/20 HPs)
             Began as a Ghoul Necromancer on Dec 13, 2019.
             Slain by a kobold (4 damage)
             ... on level 1 of the Dungeon.
             The game lasted 00:04:05 (405 turns).

Gwanngwann the Grave Robber (Ghoul Necromancer)      Turns: 405, Time: 00:04:05

Health: -3/20      AC:  2    Str: 11    XL:     2   Next: 62%
Magic:  1/3        EV: 12    Int: 10    God:
Gold:   33         SH:  0    Dex:  9    Spells: 3/4 levels left

rFire    . . .     SeeInvis .   e - +0 dagger
rCold    + . .     Gourm    .   (no shield)
rNeg     + + +     Faith    .   a - +0 robe
rPois    ∞         Spirit   .   (no helmet)
rElec    .         Reflect  .   (no cloak)
rCorr    .         Harm     .   (no gloves)
MR       .....                  (no boots)
Stlth    ++........             (no amulet)
HPRegen  0.00/turn              (no ring)
MPRegen  0.08/turn              (no ring)

@: rotting
A: rotting body, claws 1, carnivore, cold resistance 1, negative energy
resistance 3, inhibited regeneration, torment resistance, unbreathing
a: no special abilities


You were on level 1 of the Dungeon.
You were not hungry.

You visited 1 branch of the dungeon, and saw 1 of its levels.

You collected 33 gold pieces.

Inventory:

Hand Weapons
 e - a +0 dagger (weapon)
Missiles
 f - 47 bolts
Armour
 a - a +0 robe (worn)
 h - a +0 robe
Scrolls
 g - a scroll of teleportation {unknown}
Potions
 b - a potion of heal wounds {unknown}
Comestibles
 c - 3 rations
 d - 5 chunks of flesh


   Skills:
 + Level 0.2 Fighting
 + Level 1.8 Dodging
 + Level 2.2 Stealth
 + Level 0.6 Unarmed Combat
 + Level 1.8 Spellcasting
 + Level 4.5 Necromancy


You had 3 spell levels left.
You knew the following spells:

 Your Spells              Type           Power        Failure   Level  Hunger
a - Pain                  Necr           #...         4%          1    ##.....

Your spell library contained the following spells:

 Spells                   Type           Power        Failure   Level  Hunger
 Animate Skeleton         Necr           N/A          4%          1    ##.....
 Vampiric Draining        Necr           #.........   16%         3    ####...
 Regeneration             Chrm/Necr      #.........   36%         3    ####...
 Animate Dead             Necr           N/A          45%         4    #####..


Dungeon Overview and Level Annotations

Branches:
Dungeon (1/15)

Altars:


Innate Abilities, Weirdness & Mutations

Your body is rotting away.
You thrive on raw meat.
You are immune to poison.
You have sharp fingernails.
You are carnivorous and can eat meat at any time.
Your flesh is cold resistant. (rC+)
You are immune to negative energy. (rN+++)
You do not regenerate when monsters are visible.
You are immune to unholy pain and torment.
You can survive without breathing.


Message History

You barely miss the hobgoblin. The hobgoblin closely misses you.
You barely miss the hobgoblin. The hobgoblin hits you with a +0 club.
* * * LOW HITPOINT WARNING * * *
You barely miss the hobgoblin. The hobgoblin barely misses you.
You hit the hobgoblin but do no damage. The hobgoblin closely misses you.
You hit the hobgoblin.
The hobgoblin is almost dead.
The hobgoblin barely misses you.
Casting: Pain (safe; 4% risk of failure)
Confirm with . or Enter, or press ? or * to list all spells.
Aiming: Pain (safe; 4% risk of failure)
Press: ? - help, Shift-Dir - straight line, f - hobgoblin
Aim: a hobgoblin, wielding a +0 club (almost dead, chance to defeat MR: 76%)
The hobgoblin writhes in agony.
You kill the hobgoblin!
You miss the kobold. The kobold barely misses you.
You completely miss the kobold. The kobold hits you.
* * * LOW HITPOINT WARNING * * *
You hit the kobold but do no damage. The kobold hits you.
You die...

...# ##.#.# .....#
...... ...##. . #
...# ..#. ...#
#.... ...#
.....s######
....... #.KKK@...#
....... ########.#
.....## ####..#
...### ##....##
...# #..#### ...##
#.## ....# ###.#
.....# ##...#
......####..#######


You could see a giant cockroach and 3 kobolds.

Vanquished Creatures
  2 dart slugs (D:1)
  2 bats (D:1)
  2 giant cockroaches (D:1)
  3 goblins (D:1)
  A hobgoblin (D:1)
  2 rats (D:1)
12 creatures vanquished.

Notes
Turn   | Place    | Note
-------+----------+-------------------------------------------
     0 | D:1      | Gwanngwann the Ghoul Necromancer began the quest for the
                  | Orb.
     0 | D:1      | Reached XP level 1. HP: 14/14 MP: 2/2
    95 | D:1      | Reached XP level 2. HP: 12/20 MP: 1/3
   404 | D:1      | HP: 1/20 [kobold (3)]
   405 | D:1      | Slain by a kobold

Levels and vault maps discovered:
D:1:      wander_arrival_peaceful_grave, layout_rooms

Action                   || total
-------------------------++-------
Melee: Unarmed           ||    19
       Dagger            ||    46
 Cast: Pain              ||     8
  Eat: Chunk             ||     1
Armor: Robe              ||    19
Dodge: Dodged            ||    59
